 Dungeon Crawl Stone Soup version 0.32-a0-643-ga006e7742e (webtiles) character file.

Game seed: 11551039889984713394

7028 Iich the Cleaver (level 10, -2/82 HPs)
             Began as a Demonspawn Fighter on Mar 7, 2024.
             Was an Initiate of Gozag.
             Slain by a yak (9 damage)
             ... on level 9 of the Dungeon.
             The game lasted 00:14:41 (6531 turns).

Iich the Cleaver (Demonspawn Fighter)               Turns: 6531, Time: 00:14:42

Health: -2/82      AC:  8    Str: 20    XL:     10   Next: 82%
Magic:  10/10      EV: 17    Int:  9    God:    Gozag
Gold:   625        SH:  0    Dex: 13    Spells: 9/9 levels left

rFire   . . .        h - +9 executioner's axe (drain)
rCold   . . .        (shield currently unavailable)
rNeg    . . .        u - +0 chain mail
rPois   +            (helmet currently unavailable)
rElec   .            k - melded +0 cloak
rCorr   .            (gloves currently unavailable)
SInv    .            (boots unavailable)
Will    .....        m - amulet of regeneration Stlth
                     P - ring of poison resistance
HPRegen 1.13/turn    (no ring)
MPRegen 0.12/turn

%: no passive effects
@: mighty, agile, beast-form, gold aura
A: beast (slay +1), hooves 3, repulsion field 1, powered by pain 1
a: Begin Untransformation, Renounce Religion, Potion Petition, Call Merchant,
Bribe Branch


You were on level 9 of the Dungeon.
You worshipped Gozag.
Gozag was pleased with you.
You were a hulking beast.
You visited 2 branches of the dungeon, and saw 10 of its levels.

You collected 2370 gold pieces.
You spent 428 gold pieces at shops.
You paid 1317 gold pieces to Gozag.

Inventory:

Hand Weapons
 a - a +0 war axe
 h - a +9 executioner's axe of draining (weapon)
Armour
 k - a +0 cloak (melded)
 u - a +0 chain mail (worn)
 w - a +0 plate armour
 y - the +0 scale mail "Ehahox" {+Blink}
   (You found it on level 6 of the Dungeon)

   +Blink:    It lets you blink.
Jewellery
 m - an amulet of regeneration (around neck)
 D - a ring of ice
 F - a ring of protection from fire
 P - a ring of poison resistance (left hand)
Talismans
 f - a dragon-blood talisman
 E - a beast talisman (active)
Wands
 x - a wand of warping (4)
 H - a wand of flame (28)
Scrolls
 c - a scroll of vulnerability
 g - a scroll of fear
 i - 2 scrolls of identify
 o - 2 scrolls of poison
 r - a scroll of brand weapon
 s - a scroll of butterflies
 t - 13 scrolls of teleportation
 v - a scroll of enchant armour
 z - 4 scrolls of enchant weapon
 B - 2 scrolls of blinking
Potions
 b - a potion of magic
 e - 3 potions of enlightenment
 j - 2 potions of brilliance
 l - 2 potions of heal wounds
 n - 2 potions of resistance
 p - 2 potions of lignification
 q - a potion of curing
 A - a potion of cancellation
 C - a potion of degeneration
Miscellaneous
 d - a phial of floods
 G - a sack of spiders


   Skills:
 + Level 8.8 Fighting
 * Level 10.8 Axes
 - Level 2.6 Armour
 + Level 7.4 Dodging
 - Level 2.6 Shields
 + Level 2.5 Shapeshifting


You had 9 spell levels left.
You didn't know any spells.
Your spell library contained the following spells:

 Spells                   Type           Power      Damage    Failure   Level
 Lesser Beckoning         Tloc           0%         N/A       99%         2
 Scorch                   Fire           0%         2d5       99%         2
 Static Discharge         Conj/Air       0%         3-3/arc   99%         2
 Gell's Gravitas          Tloc           0%         N/A       100%        3
 Stone Arrow              Conj/Erth      0%         3d7       100%        3
 Teleport Other           Tloc           0%         N/A       100%        3
 Airstrike                Air            0%         2d(0-16)  100%        4
 Animate Armour           Summ/Erth      0%         N/A       100%        4
 Manifold Assault         Tloc           0%         N/A       100%        4
 Sticky Flame             Fire/Alch      0%         2d4       100%        4
 Summon Lightning Spire   Summ/Air       0%         N/A       100%        4
 Dispersal                Tloc           0%         N/A       100%        6
 Disjunction              Tloc           0%         N/A       100%        8
 Ignition                 Fire           0%         3d3       100%        8
 Lehudib's Crystal Spear  Conj/Erth      0%         10d2      100%        8


Dungeon Overview and Level Annotations

Branches:
Dungeon (9/15)             Temple (1/1) D:4
   Lair: D:8-11         Orc: D:9-12

Altars:
Ashenzari
Cheibriados
Dithmenos
Fedhas
Gozag
Hepliaklqana
Kikubaaqudgha
Okawaru
Qazlal
Ru
Sif Muna
Trog
Uskayaw
Vehumet
Xom
Yredelemnul

Shops:
D:2 ?   D:4 :?


Innate Abilities, Weirdness & Mutations

You are a hulking beast.
Your limbs bulge with bestial killing power. (Slay +1)
You have hooves in place of feet.
You are surrounded by a mild repulsion field. (EV +2)
You sometimes gain a little power by taking damage.


Message History

A gnoll sergeant comes into view. It is wielding a +0 spear.
The troll bites you!
* * * LOW HITPOINT WARNING * * *
The troll claws you but does no damage. The troll claws you.
* * * LOW HITPOINT WARNING * * *
The yak gores you!
* * * LOW HITPOINT WARNING * * *
You are too injured to fight recklessly!
You take 22 damage, and have 40/82 hp. !!!!--MASSIVE DAMAGE--!!!!
Unknown command.
You are too injured to fight recklessly!
Unknown command.
You are too injured to fight recklessly!
The gnoll sergeant shouts!
You slash the troll! You kick the troll!
The troll is heavily wounded.
You closely miss the gnoll. You hit the yak. The troll bites you!
* * * LOW HITPOINT WARNING * * *
You focus on the pain.
You feel agile all of a sudden.
The troll claws you but does no damage. x2
The yak gores you but does no damage.
A gnoll comes into view. It is wielding a +0 spear.
The gnoll hits you but does no damage.
You take 15 damage, and have 25/82 hp.
You slash the troll! You drain the troll. You kick the troll.
You kill the troll!
You hit the yak. You drain the yak. You slash the gnoll!
The gnoll sergeant is distracted by your dazzling golden aura.
The yak gores you.
* * * LOW HITPOINT WARNING * * *
The gnoll closely misses you.
The gnoll is distracted by your dazzling golden aura.
The gnoll misses you. The yak gores you!
* * * LOW HITPOINT WARNING * * *
You focus on the pain.
You feel very mighty all of a sudden. The yak gores you!
You die...
Your body crumbles into a pile of gold.

####... ##
....... ..#
....... ##.##
.g..... #...
.g..... ##..#
....... ...##
.....gY#####...#
......Yh$$.....#
......g$#####..##
#####.#!# ..#...#
#.#.# #.##..### #
#.# #.##....#
..#.#<##.##.#
###.......#.#
#####.#.#.#
#.#.#.#


You could see 2 yaks, a gnoll sergeant (unaware) and 3 gnolls.

Vanquished Creatures
  A two-headed ogre (D:8)
  An ugly thing (D:7)
  2 cyclopes (D:7)
  2 gargoyles (D:7)
  Psyche (D:8)
  A troll (D:9)
  A hornet (D:7)
  A wraith (D:9)
  8 yaks
  A wyvern (D:9)
  2 water moccasins
  A sky beast (D:7)
  3 ogres
  An orc warrior (D:4)
  A black bear (D:6)
  3 centaurs
  A phantom (D:6)
  5 kobold brigands
  A bullfrog (D:6)
  3 scorpions
  A gnoll sergeant (D:8)
  5 wights
  A burial acolyte (D:6)
  3 bombardier beetles
  A hound (D:4)
  Crazy Yiuf (D:5)
  A gnoll bouda (D:5)
  2 jellies
  2 orc priests
  3 iguanas
  2 sleepcaps (D:6)
  3 orc wizards
  10 gnolls
  10 adders
  2 shadow imps (D:6)
  6 ufetubi
  3 adder zombies (D:6)
  A ribbon worm (D:2)
  17 orcs
  12 endoplasms
  2 giant cockroaches
  5 hobgoblins
  4 jackals (D:4)
  2 quokkas
  10 ball pythons
  7 bats
  3 frilled lizards
  2 gnoll zombies (D:6)
  11 goblins
  27 kobolds
  2 kobold zombies (D:6)
  3 rats
204 creatures vanquished.

Notes
Turn   | Place    | Note
-------+----------+-------------------------------------------
     0 | D:1      | Iich the Demonspawn Fighter began the quest for the Orb.
     0 | D:1      | Reached XP level 1. HP: 18/18 MP: 1/1
   175 | D:1      | Reached skill level 2 in Axes
   311 | D:1      | Gained mutation: You sometimes gain a little power by
                  | taking damage. [demonic ancestry]
   311 | D:1      | Reached XP level 2. HP: 20/24 MP: 2/2
   389 | D:1      | Found a faded altar of an unknown god.
   762 | D:1      | Reached skill level 1 in Dodging
  1032 | D:2      | Reached XP level 3. HP: 26/29 MP: 3/3
  1193 | D:2      | Identified 3 scrolls of acquirement
  1193 | D:2      | Acquired a +5 antimagic executioner's axe
  1195 | D:2      | Acquired 1092 gold pieces
  1197 | D:2      | Acquired an amulet of regeneration
  1312 | D:2      | Reached skill level 3 in Axes
  1392 | D:2      | Found Naffoush's Magic Scroll Shop.
  1403 | D:2      | Bought a scroll of teleportation for 39 gold pieces
  1403 | D:2      | Bought a scroll of teleportation for 39 gold pieces
  1403 | D:2      | Bought a scroll of enchant weapon for 97 gold pieces
  1403 | D:2      | Bought a scroll of identify for 26 gold pieces
  1638 | D:2      | Reached XP level 4. HP: 35/35 MP: 4/4
  2059 | D:3      | Gained mutation: You are surrounded by a mild repulsion
                  | field. (EV +2) [demonic ancestry]
  2059 | D:3      | Reached XP level 5. HP: 41/42 MP: 5/5
  2366 | D:4      | Noticed an orc warrior
  2371 | D:4      | Killed an orc warrior
  2372 | D:4      | Reached skill level 4 in Axes
  2396 | D:4      | Gained mutation: You have large cloven feet. [demonic
                  | ancestry]
  2396 | D:4      | Reached XP level 6. HP: 48/48 MP: 6/6
  2418 | D:4      | Found a broken altar of Ashenzari.
  2439 | D:4      | Found Migufyann's Book Shop.
  2567 | D:4      | Found a staircase to the Ecumenical Temple.
  2577 | Temple   | Entered the Ecumenical Temple
  2631 | Temple   | Became a worshipper of Gozag Ym Sagoz the Greedy
  2786 | D:4      | Found Juazaler's Magic Scroll Shop.
  2789 | D:4      | Bought a scroll of identify for 26 gold pieces
  2789 | D:4      | Bought a scroll of brand weapon for 123 gold pieces
  2789 | D:4      | Bought a scroll of identify for 26 gold pieces
  2789 | D:4      | Bought a scroll of butterflies for 52 gold pieces
  2821 | D:4      | Found a basalt altar of Yredelemnul.
  3020 | D:4      | Identified the +7 shortbow of the Goat {speed, +Blink rC+
                  | Str+5}
  3208 | D:5      | Entered Level 5 of the Dungeon
  3208 | D:5      | Noticed a water moccasin
  3212 | D:5      | Killed a water moccasin
  3234 | D:5      | Found a runed translucent door.
  3235 | D:5      | Noticed Crazy Yiuf
  3240 | D:5      | Killed Crazy Yiuf
  3241 | D:5      | Reached skill level 5 in Axes
  3363 | D:5      | Found an iron altar of Okawaru.
  3433 | D:5      | Gained mutation: You have hoof-like feet. [demonic
                  | ancestry]
  3433 | D:5      | Reached XP level 7. HP: 54/55 MP: 7/7
  3616 | D:5      | Reached skill level 5 in Fighting
  3721 | D:5      | Reached skill level 6 in Axes
  3723 | D:5      | HP: 2/56 [centaur/+2 heavy trident (12)]
  3727 | D:5      | Reached XP level 8. HP: 19/63 MP: 8/8
  3855 | D:5      | Found a hide-covered altar of Uskayaw.
  4028 | D:6      | Identified the +0 scale mail "Ehahox" {+Blink}
  4105 | D:6      | Reached skill level 7 in Axes
  4576 | D:6      | Found an ancient bone altar of Kikubaaqudgha.
  4690 | D:7      | Reached skill level 5 in Dodging
  4742 | D:7      | Reached XP level 9. HP: 39/71 MP: 9/9
  4744 | D:7      | Reached skill level 8 in Axes
  4848 | D:7      | Noticed a cyan ugly thing
  4855 | D:7      | Killed a cyan ugly thing
  4856 | D:7      | Reached skill level 9 in Axes
  4894 | D:7      | Noticed a cyclops
  4900 | D:7      | Killed a cyclops
  4923 | D:7      | Got Sif Muna's Handbook of Calescent Distance
  4935 | D:7      | Noticed a gargoyle
  4935 | D:7      | Noticed a cyclops
  4938 | D:7      | Killed a gargoyle
  4939 | D:7      | Gained mutation: You have hooves in place of feet. [demonic
                  | ancestry]
  4939 | D:7      | Reached XP level 10. HP: 60/80 MP: 10/10
  4942 | D:7      | Killed a cyclops
  5009 | D:7      | Identified the staff "Suud" {rElec rF+ Air}
  5143 | D:7      | Noticed a gargoyle
  5150 | D:7      | Killed a gargoyle
  5151 | D:7      | Reached skill level 10 in Axes
  5222 | D:7      | Reached skill level 1 in Shapeshifting
  5424 | D:7      | Found a snail-covered altar of Cheibriados.
  5521 | D:7      | Found a shimmering blue altar of Sif Muna.
  5854 | D:8      | Noticed Psyche
  5857 | D:8      | Killed Psyche
  6002 | D:8      | Noticed a two-headed ogre
  6009 | D:8      | Killed a two-headed ogre
  6041 | D:8      | Identified the +6 whip of Attuh {freeze, rElec rPois rF++
                  | rC-}
  6213 | D:8      | Found a blossoming altar of Fedhas.
  6531 | D:9      | Slain by a yak

Illustrated notes

Levels and vault maps discovered:
D:1:      ncdulo_smallfort, layout_basic, serial_forest,
          infiniplex_forest_lined_room_, infiniplex_forest_diagonal,
          infiniplex_forest_clump_large, infiniplex_forest_clump_curved,
          infiniplex_forest_straight_2, infiniplex_forest_lined_4_way,
          nicolae_ecumenical_snake_handling
D:2:      layout_basic, serial_shops, nicolae_square_shop, st_stairs_11
D:3:      layout_basic
D:4:      layout_loops_ring, mainiacjoe_overflow_alcove_4,
          gammafunk_temple_overflow_statue, temple_fountains, serial_shops,
          nicolae_square_shop, nicolae_shop_rolled_up
D:5:      minmay_octagon_keep, layout_basic, mainiacjoe_overflow_alcove_2,
          kennysheep_okawaru_gauntlet, minmay_crossroads,
          uniq_crazy_yiuf_cottage
D:6:      layout_basic, regret_index_kikubaaqudgha_part_by_part
D:7:      minmay_the_grid_octo_triangle [minmay_the_grid_octo_77,
          minmay_the_grid_octo_prize_single_spiral,
          minmay_the_grid_octo_clover], layout_basic, led_sif_book,
          lemuel_round_altar, kennysheep_generic_room_15
D:8:      layout_gridville, fedhas_altar_2, nicolae_wwwww, uniq_psyche
D:9:      minmay_spotlight, layout_basic, david_lair_generic,
          mrwooster_statue_mirror
Temple:   nicolae_temple_two_arcs

Skill      XL: |  1  2  3  4  5  6  7  8  9 10 |
---------------+-------------------------------+-----
Axes           | 2 3 4 5 6 7 9 10 | 10.8
Dodging        | 1 2 3 4 5 6 7 |  7.4
Fighting       | 4 5 6 7 8 |  8.8
Shapeshifting  | 2 |  2.5
Armour         | |  2.6
Shields        | |  2.6

Action                     |  1- 3 |  4- 6 |  7- 9 | 10-12 || total
---------------------------+-------+-------+-------+-------++-------
  Melee: War axe           |    76 |       |       |       ||    76
         Executioner's axe |    15 |    74 |   141 |    77 ||   307
         Kick              |       |     5 |    34 |    18 ||    57
 Invoke: Potion Petition   |       |       |     3 |       ||     3
    Use: Potion            |     1 |     3 |     4 |     1 ||     9
         Scroll            |     7 |     7 |     6 |       ||    20
   Stab: Distracted        |       |       |       |     1 ||     1
 Armour: Scale mail        |    79 |    61 |       |       ||   140
         Chain mail        |       |    14 |   137 |    62 ||   213
  Dodge: Dodged            |    50 |    54 |   126 |    54 ||   284
  Block: Buckler           |    22 |       |       |       ||    22
   Form: Beast             |       |       |       |     2 ||     2
                           |       |       |       |     1 ||     1

Table legend: (Time is in decaauts)
 A = Elapsed time spent in this place.
 B = Non-inter-level travel time spent in this place.
 C = Inter-level travel time spent in this place.
 D = Time resting spent in this place.
 E = Time spent auto-exploring this place.
 F = Levels seen in this place.
 G = Mean time per level.
                   A        B        C        D        E       F      G
               +--------+--------+--------+--------+--------+-----+--------+
         Total |   6674 |   6372 |    302 |      0 |   4990 |  10 |  667.4 |
       Dungeon |   6601 |   6299 |    302 |      0 |   4990 |   9 |  733.4 |
        Temple |     72 |     72 |      0 |      0 |      0 |   1 |   72.0 |
               +--------+--------+--------+--------+--------+-----+--------+

Top non-repeatable levels by time:
     D:7: 1151 daAuts
     D:1: 1047 daAuts
     D:4: 797 daAuts
     D:5: 791 daAuts
     D:6: 735 daAuts
     D:2: 706 daAuts
     D:3: 672 daAuts
     D:8: 647 daAuts
  Temple: 72 daAuts
     D:9: 52 daAuts
